Map: Central Protocol

Players

TOP - Winner!

  • Race: Terran Terran

FireCake

  • Race: Zerg Zerg
  • League: Grandmaster

Event: Homestory Cup XII

VOD

Have the link to the VOD?

Description

Time

  • Played on: Dec. 17, 2015, 3:05 p.m.
  • Length: 16:25

All games in this series

Show
View Real Time Build Order
Export as new Build Order

TOP Terran - Winner!

Build Orders: MMM Bio 

Get SALT Encoding   

  12  0:00  SCV  
  13  0:12  SCV  
  14  0:18  Supply Depot  
  14  0:25  SCV  
  15  0:40  SCV  
  15  0:41  Barracks  
  16  0:45  Refinery  
  16  0:52  SCV  
  17  1:03  Barracks  
  17  1:05  SCV  
  18  1:17  SCV  
  19  1:29  Reaper, Orbital Command  
  20  1:41  Barracks  
  20  1:51  Reaper  
  20  1:53  Supply Depot  
  21  1:55  SCV  
  22  2:06  Reaper  
  23  2:14  SCV  
  23  2:15  Supply Depot  
  24  2:24  Reaper  
  24  2:27  SCV  
  26  2:36  Refinery  
  26  2:39  SCV  
  26  2:42  Reaper  
  27  3:02  Reaper  
  27  3:04  Command Center, SCV  
  28  3:12  Reaper  
  29  3:16  Bunker  
  29  3:17  SCV  
  30  3:21  Reaper  
  30  3:25  Supply Depot  
  31  3:29  SCV  
  31  3:34  Reaper  
  33  3:41  SCV  
  34  3:44  Reaper  
  35  3:53  SCV, Reaper  
  37  4:05  Command Center  
  37  4:06  Reaper  
  37  4:07  SCV  
  38  4:16  Reaper  
  39  4:22  Orbital Command  
  38  4:30  Reaper  
  38  4:38  Reaper  
  37  4:41  SCV  
  38  4:48  Reaper  
  38  4:50  SCV  
  38  4:51  Barracks  
  40  4:53  SCV  
  40  4:54  Barracks  
  41  5:02  SCV, Reaper  
  43  5:08  SCV  
  43  5:10  Reaper  
  45  5:15  SCV  
  45  5:20  SCV  
  45  5:21  Reaper  
  48  5:27  SCV  
  49  5:34  Reaper  
  48  5:39  Reaper  
  48  5:42  SCV x2  
  50  5:45  Reaper x2  
  52  5:50  Refinery x2, Orbital Command  
  52  5:54  SCV x2  
  52  5:56  Supply Depot, Marine  
  55  5:57  Supply Depot  
  54  6:06  Marine  
  52  6:23  Reaper x2  
  52  6:27  SCV x2  
  52  6:30  Barracks Tech Lab x2  
  52  6:31  Factory  
  52  6:36  Marine  
  52  6:39  SCV x2  
  55  6:43  Supply Depot, Engineering Bay  
  55  6:44  Engineering Bay  
  55  6:46  Supply Depot  
  55  6:50  Marauder x2  
  55  6:52  SCV  
  55  6:53  Combat Shields  
  55  6:54  Stimpack, Marine  
  60  6:55  Marine  
  60  7:00  Marine  
  63  7:02  SCV  
  63  7:04  SCV  
  63  7:08  Barracks  
  65  7:09  Barracks  
  65  7:10  Marine  
  65  7:11  Marauder  
  65  7:12  Marine  
  65  7:13  Marine  
  70  7:24  Terran Infantry Weapons Level 1, Factory Reactor, Starport  
  70  7:26  Marine  
  70  7:29  Marine, Marauder  
  73  7:31  Marine  
  73  7:32  Marauder  
  77  7:43  Marine  
  78  7:47  Marine  
  78  7:49  Marine  
  78  7:50  Marauder  
  82  7:54  Marauder  
  82  7:57  Orbital Command  
  84  7:59  Barracks Reactor  
  84  8:00  Barracks Reactor, Supply Depot  
  84  8:01  Marine  
  84  8:03  Supply Depot  
  84  8:05  Marine  
  85  8:06  Marine  
  85  8:09  Factory Tech Lab, Medivac  
  85  8:11  Terran Infantry Armor Level 1, Armory  
  85  8:12  Marauder  
  91  8:13  Supply Depot  
  91  8:15  Marauder  
  91  8:23  Marine  
  92  8:33  Barracks Tech Lab, Marauder  
  94  8:36  Siege Tank, Marauder  
  94  8:39  SCV x3  
  102  8:47  Supply Depot, Marine x2, Medivac  
  102  8:48  Marine x2  
  109  8:51  SCV  
  109  8:52  SCV x2  
  109  8:53  Refinery  
  109  8:54  Marauder  
  115  8:55  Barracks Reactor  
  115  8:56  Marauder  
  115  8:57  Refinery, Marine  
  115  9:02  Barracks Tech Lab  
  115  9:03  SCV  
  115  9:04  SCV  
  117  9:12  Marine x4  
  117  9:16  Marauder x2  
  123  9:18  Marauder  
  123  9:22  SCV  
  123  9:23  SCV  
  122  9:29  Concussive Shells, Marine  
  122  9:30  Medivac x2  
  126  9:37  Refinery, Marauder  
  126  9:38  Marauder, Marine x2  
  132  9:39  Command Center, Marauder  
  134  9:46  Marine x2  
  134  9:47  Marine x3  
  134  9:50  SCV x2  
  141  9:57  Supply Depot x2  
  141  10:01  SCV, Marauder, Marine x4  
  141  10:04  Marine  
  141  10:06  Terran Infantry Weapons Level 2, Marine  
  148  10:15  Medivac x2  
  148  10:17  Marauder  
  148  10:19  Marauder  
  143  10:23  Marauder, Marine x3  
  143  10:24  Marine, Marauder  
  129  10:28  Marine  
  129  10:29  Marine  
  123  10:36  Siege Tank  
  123  10:37  Terran Infantry Armor Level 2  
  123  10:38  Marauder  
  123  10:41  Marine x3, Marauder  
  132  10:45  Marauder  
  132  10:47  SCV x3  
  132  10:48  Marine x4  
  140  10:58  Marine  
  140  10:59  Marine  
  140  11:00  Marine x2  
  144  11:04  Marine  
  144  11:06  Marauder  
  144  11:16  Marine x4  
  140  11:21  Marine x2, Siege Tank, Medivac x2  
  140  11:22  Marine x3  
  152  11:27  Marine  
  151  11:34  Marine x4  
  151  11:39  Marine x2  
  151  11:40  Marine x2, Marauder  
  151  11:46  Marine  
  147  11:52  Marine  
  148  11:54  Marine x2  
  148  11:55  Marine  
  148  11:57  Marine x2  
  148  11:59  Marauder x2  
  157  12:01  Marauder  
  157  12:05  Marauder  
  161  12:09  Marine  
  161  12:12  Marine x3  
  161  12:15  Marine x2  
  167  12:20  Marauder x2  
  167  12:22  Marine  
  166  12:26  Marine  
  166  12:27  Marine  
  168  12:30  Marine x3  
  168  12:33  Marine x2  
  165  12:41  Marine, Marauder x2  
  158  12:44  Marauder  
  158  12:45  Marine  
  158  12:48  Marine  
  129  12:52  Marine  
  129  12:53  Marine  
  129  12:54  Marine  
  129  12:55  Marine  
  124  12:59  Marauder  
  124  13:02  Marauder  
  124  13:03  Marine, Marauder  
  132  13:05  Marauder  
  132  13:08  Planetary Fortress, Marine  
  132  13:10  Marine  
  134  13:17  Marine x2  
  134  13:18  Marine  
  137  13:21  Marauder  
  137  13:23  Marauder  
  137  13:24  Marine, Marauder  
  137  13:26  Marine  
  147  13:27  Marine, Marauder  
  148  13:35  Marine  
  148  13:39  Marine x2  
  148  13:40  Siege Tank  
  148  13:42  Marine, Marauder  
  148  13:43  Marine  
  148  13:45  Marine, Marauder x2  
  148  13:48  Marine  
  150  13:53  Marine  
  148  13:57  Marine x2  
  148  14:00  Marine  
  148  14:01  Marine  
  146  14:03  Marauder, Marine  
  146  14:05  Marine  
  146  14:06  Marauder  
  146  14:07  Marauder  
  149  14:11  Marine  
  149  14:15  Marine x2  
  148  14:18  Marine  
  148  14:19  Marine  
  148  14:21  Marine  
  148  14:23  Marine  
  152  14:24  Marine  
  152  14:27  Marine  
  152  14:28  Marine x2  
  155  14:33  Marine x2  
  155  14:35  Marine  
  155  14:37  Marine  
  159  14:39  Medivac x2, Marine  
  163  14:55  Marauder x2, Marine x3  
  163  14:59  Marine x2  
  170  15:11  Marauder, Marine  
  170  15:14  Marine x4  
  170  15:20  Marine  
  170  15:21  Marauder  
  177  15:38  Medivac  
  177  15:39  Medivac  
  177  15:40  Marine  
  179  15:43  Marauder  
  179  15:46  Marine  
  179  15:47  Marauder, Marine  
  179  15:48  Marine  
  179  15:50  Marauder  
  179  15:54  Marine x2  
  179  15:56  Marauder  
Show
View Real Time Build Order
Export as new Build Order

FireCake Zerg 

Build Orders: Pool First 

Get SALT Encoding   

  12  0:01  Drone  
  13  0:08  Drone  
  14  0:17  Overlord  
  14  0:22  Extractor  
  14  0:23  Drone  
  15  0:35  Drone x2  
  17  0:45  Spawning Pool  
  17  0:48  Drone  
  17  0:55  Drone  
  18  1:01  Extractor  
  17  1:13  Hatchery  
  17  1:17  Drone  
  17  1:20  Drone  
  18  1:31  Queen  
  20  1:34  Drone  
  21  1:40  Drone  
  22  1:48  Overlord  
  22  1:57  Roach Warren  
  21  2:06  Queen  
  23  2:36  Roach x4  
  31  2:42  Drone x4  
  32  2:53  Spore Crawler  
  32  3:02  Drone x2  
  34  3:08  Drone x2, Overlord  
  36  3:19  Overlord  
  36  3:29  Drone  
  36  3:31  Drone x4  
  41  3:34  Ravager x2  
  41  3:40  Drone  
  41  3:41  Drone  
  45  3:51  Drone  
  45  3:52  Drone x5  
  45  3:53  Ravager  
  52  3:57  Overlord  
  52  4:04  Overlord  
  52  4:15  Queen x2  
  56  4:21  Ravager  
  57  4:30  Drone x6  
  60  4:32  Drone  
  60  4:33  Drone x2  
  60  4:41  Roach x2  
  60  4:44  Extractor x2  
  56  4:48  Overlord  
  56  4:52  Roach  
  58  4:55  Hatchery  
  57  5:03  Drone x2  
  59  5:12  Roach x2  
  63  5:14  Overlord x2  
  63  5:18  Overlord  
  63  5:21  Extractor  
  63  5:22  Drone x2  
  63  5:23  Drone  
  61  5:38  Lair  
  61  5:39  Drone  
  61  5:40  Drone x7  
  67  5:56  Evolution Chamber  
  66  5:57  Evolution Chamber  
  66  6:01  Roach x3  
  67  6:05  Roach x5  
  70  6:14  Roach x3  
  58  6:32  Zerg Missile Weapons Level 1, Zerg Ground Armor Level 1  
  58  6:33  Drone x6  
  58  6:39  Glial Reconstitution  
  64  6:43  Drone x5  
  69  6:51  Overseer  
  69  7:01  Queen  
  68  7:02  Drone  
  68  7:03  Drone x7  
  78  7:14  Evolution Chamber  
  76  7:18  Evolution Chamber  
  77  7:23  Drone x4  
  77  7:24  Drone x2  
  83  7:30  Overlord  
  83  7:32  Roach x5  
  90  7:48  Drone x4  
  90  7:49  Drone x2  
  96  7:55  Drone  
  97  8:01  Drone x2, Queen  
  101  8:08  Overlord  
  101  8:11  Drone x10  
  111  8:22  Overlord  
  111  8:23  Overlord x2  
  111  8:25  Extractor  
  111  8:26  Extractor  
  109  8:29  Zerg Missile Weapons Level 2  
  109  8:31  Zerg Ground Armor Level 2  
  109  8:35  Roach  
  109  8:36  Roach  
  109  8:37  Hatchery  
  112  8:43  Roach  
  112  8:44  Roach x4  
  122  8:50  Drone  
  122  8:55  Roach x7  
  137  9:01  Overlord  
  130  9:10  Drone  
  130  9:11  Drone x2  
  133  9:21  Drone x9  
  136  9:31  Queen  
  136  9:35  Drone  
  136  9:36  Roach x4  
  138  9:46  Infestation Pit  
  138  9:49  Roach  
  138  9:50  Roach x4  
  147  10:03  Spine Crawler  
  147  10:04  Spine Crawler x2  
  144  10:09  Roach x4  
  144  10:10  Roach x2  
  132  10:25  Roach x2  
  132  10:26  Roach x8  
  135  10:38  Drone  
  135  10:39  Drone x4  
  135  10:40  Drone x4  
  135  10:50  Roach x4  
  143  10:57  Ravager x5  
  143  10:58  Ravager x4  
  143  11:03  Roach  
  143  11:04  Roach  
  146  11:13  Roach x4  
  146  11:16  Roach  
  146  11:33  Roach x3  
  146  11:35  Overlord x2  
  146  11:36  Overlord  
  137  11:47  Roach x3  
  137  11:48  Roach x4  
  137  11:49  Overlord x3  
  137  11:50  Ravager x2  
  151  11:56  Ravager x2  
  153  12:03  Roach  
  153  12:04  Roach x4  
  163  12:13  Roach x4  
  167  12:25  Roach x5  
  167  12:26  Roach  
  175  12:42  Roach x8  
  173  12:48  Roach  
  173  12:49  Roach x3  
  150  12:52  Roach  
  124  12:59  Roach  
  124  13:00  Roach x3  
  119  13:08  Extractor  
  119  13:09  Extractor  
  117  13:15  Roach x5  
  117  13:16  Roach x2  
  117  13:17  Overlord  
  131  13:20  Hatchery  
  131  13:25  Roach  
  131  13:26  Roach x4  
  138  13:39  Drone  
  138  13:40  Drone x5  
  135  13:44  Roach x8  
  130  13:58  Roach x7  
  132  14:07  Roach x3  
  130  14:11  Roach  
  130  14:17  Roach x3  
  134  14:26  Roach x7  
  126  14:35  Roach  
  126  14:36  Roach x3  
  123  14:47  Roach x6  
  123  15:10  Roach  
  123  15:11  Roach x6  
  123  15:22  Drone  
  123  15:23  Drone x5  
  126  15:32  Roach  
  126  15:33  Roach  
  130  15:36  Roach x2  
  116  15:51  Roach x4  
Tags
 
Add a new tag
Caveats
  • Supply blocks, unpowered buildings, or Contaminate may cause inaccurate times.
  • Supply counts are checked every 10 seconds.